Map: 킹스 코브 - 래더

Players

soO - Winner!

  • Race: Zerg Zerg
  • Spawn Location: 11:00

Kelazhur

  • Race: Terran Terran
  • Spawn Location: 5:00

Event: IEM Season 13: Katowice (2019)

VOD

Have the link to the VOD?

Description

Time

  • Played on: Feb. 26, 2019, 5:04 a.m.
  • Length: 9:10

All games in this series

Show
View Real Time Build Order
Export as new Build Order

soO Zerg - Winner!

Build Orders: Hatch First 

Get SALT Encoding   

  12  0:00  Drone  
  13  0:12  Overlord  
  13  0:17  Drone  
  14  0:30  Drone  
  14  0:31  Drone  
  16  0:42  Drone  
  17  0:52  Hatchery  
  17  0:55  Drone  
  17  0:58  Drone  
  18  1:09  Extractor  
  17  1:13  Spawning Pool  
  17  1:16  Drone  
  17  1:21  Drone  
  18  1:28  Drone  
  19  1:39  Overlord  
  19  1:49  Drone  
  20  2:00  Queen, Zergling x2  
  23  2:03  Queen  
  23  2:04  Zergling x2  
  26  2:09  Metabolic Boost  
  26  2:26  Hatchery  
  26  2:28  Drone  
  26  2:33  Drone x2  
  28  2:44  Queen  
  28  2:51  Drone x2  
  32  2:52  Zergling x2  
  32  3:02  Zergling x4  
  34  3:07  Overlord  
  34  3:10  Drone x2  
  34  3:24  Queen  
  34  3:26  Zergling x6  
  38  3:37  Zergling x6  
  41  3:47  Zergling x12  
  45  3:59  Zergling x10  
  46  4:10  Drone  
  46  4:11  Drone x3  
  46  4:13  Drone  
  49  4:21  Drone x2  
  48  4:27  Drone  
  49  4:32  Overlord  
  49  4:33  Overlord  
  49  4:36  Overlord  
  49  4:41  Overlord  
  49  4:44  Overlord  
  49  4:47  Overlord  
  49  4:49  Queen, Overlord  
  49  4:51  Drone  
  49  4:52  Drone  
  53  4:54  Drone  
  53  4:56  Drone  
  53  4:57  Drone  
  53  4:59  Drone  
  57  5:00  Drone  
  57  5:06  Drone  
  59  5:07  Evolution Chamber  
  59  5:09  Drone  
  59  5:12  Drone  
  60  5:16  Drone x4  
  60  5:17  Drone  
  60  5:18  Drone  
  66  5:25  Drone x4  
  70  5:30  Lair  
  70  5:34  Extractor  
  69  5:36  Drone x2  
  69  5:37  Drone  
  69  5:39  Extractor x2  
  69  5:43  Drone x3, Roach Warren  
  69  5:44  Drone  
  69  5:48  Drone x3  
  73  5:50  Drone x2  
  73  5:52  Drone  
  73  5:53  Drone  
  73  5:54  Drone  
  78  5:57  Queen  
  78  6:02  Drone x2  
  78  6:03  Drone  
  83  6:09  Spore Crawler  
  83  6:10  Drone  
  83  6:11  Drone x2  
  83  6:13  Extractor  
  83  6:14  Extractor, Spore Crawler  
  82  6:19  Zerg Ground Armor Level 1, Drone  
  82  6:22  Evolution Chamber  
  82  6:24  Drone  
  83  6:27  Glial Reconstitution  
  83  6:29  Drone  
  83  6:33  Overseer  
  83  6:36  Overlord  
  83  6:37  Drone  
  83  6:38  Hatchery  
  83  6:43  Roach x3  
  83  6:45  Overlord  
  89  6:47  Overlord  
  89  6:50  Zerg Missile Weapons Level 1  
  89  6:51  Overlord  
  89  6:52  Pneumatized Carapace  
  89  6:57  Roach  
  89  6:58  Roach x3  
  97  7:05  Queen x2  
  101  7:10  Roach x2  
  101  7:11  Roach x2  
  109  7:20  Overlord  
  109  7:21  Roach x2  
  113  7:25  Overlord  
  113  7:28  Overseer  
  113  7:30  Overlord  
  113  7:33  Overlord  
  113  7:38  Overlord  
  113  7:41  Overlord  
  113  7:45  Roach x4  
  113  7:46  Spire  
  113  7:50  Roach x4  
  113  7:51  Roach x2  
  132  7:54  Overlord  
  132  8:01  Roach x5  
  140  8:10  Ravager x3  
  140  8:11  Roach x4  
  140  8:12  Drone x2  
  153  8:28  Roach  
  153  8:29  Roach x6  
  153  8:31  Overlord  
  163  8:47  Roach x3  
  153  8:48  Roach x4  
  153  8:49  Roach  
  153  8:50  Roach  
  153  8:54  Ravager  
  157  8:57  Ravager  
Show
View Real Time Build Order
Export as new Build Order

Kelazhur Terran 

Build Orders: Mech 

Get SALT Encoding   

  12  0:00  SCV  
  13  0:12  SCV  
  14  0:19  Supply Depot  
  14  0:24  SCV  
  15  0:40  SCV  
  15  0:41  Barracks  
  16  0:44  Refinery  
  16  0:52  SCV  
  17  1:00  Barracks  
  17  1:04  SCV  
  18  1:16  SCV  
  19  1:21  Barracks  
  19  1:28  Reaper  
  20  1:37  Orbital Command  
  20  1:45  Refinery  
  20  1:47  Reaper  
  21  1:55  Supply Depot  
  21  2:03  Reaper  
  21  2:04  SCV  
  23  2:12  Supply Depot  
  23  2:17  Reaper  
  23  2:19  SCV  
  25  2:26  Reaper  
  26  2:36  Reaper, SCV  
  28  2:48  SCV  
  28  2:49  Reaper  
  30  2:52  Supply Depot  
  30  2:58  Reaper  
  31  3:00  SCV  
  32  3:09  Reaper  
  32  3:12  SCV  
  34  3:21  Reaper  
  34  3:26  SCV  
  35  3:30  Reaper  
  36  3:36  Command Center  
  36  3:38  SCV  
  37  3:41  Reaper  
  38  3:50  SCV  
  38  3:53  Reaper  
  38  4:02  Factory, SCV  
  39  4:16  SCV  
  36  4:19  Reaper  
  36  4:20  Command Center  
  35  4:26  Reaper  
  35  4:28  SCV  
  35  4:40  SCV  
  36  4:46  Factory Reactor  
  36  4:49  Orbital Command  
  36  4:50  Barracks Tech Lab, Starport  
  36  4:53  Marine  
  36  4:55  SCV  
  36  4:58  Marine  
  39  5:07  SCV  
  39  5:08  Refinery  
  40  5:14  SCV  
  40  5:19  SCV  
  42  5:22  Hellion x2  
  42  5:24  Supply Depot  
  42  5:25  Refinery  
  42  5:26  SCV  
  47  5:32  SCV  
  47  5:35  Hyperflight Rotors  
  48  5:36  Viking  
  48  5:38  SCV  
  48  5:39  Orbital Command  
  50  5:44  SCV, Hellion x2  
  52  5:50  SCV  
  52  5:56  SCV  
  54  6:02  SCV  
  54  6:04  Factory x2  
  55  6:05  Hellion x2  
  55  6:07  Banshee  
  55  6:09  SCV  
  63  6:13  SCV  
  64  6:19  SCV  
  64  6:21  Supply Depot  
  64  6:22  Supply Depot  
  64  6:23  SCV  
  66  6:28  SCV  
  66  6:29  Hellion x2  
  71  6:34  SCV  
  71  6:35  SCV  
  73  6:41  Orbital Command  
  73  6:44  Armory  
  73  6:46  SCV  
  74  6:48  Refinery  
  74  6:50  Factory Tech Lab x2  
  74  6:53  SCV  
  75  6:55  Hellion x2  
  75  6:57  Refinery  
  79  7:02  SCV  
  79  7:04  Factory  
  79  7:05  Factory, SCV  
  81  7:08  Cyclone  
  81  7:11  Supply Depot  
  81  7:12  Cyclone  
  81  7:14  SCV x2  
  89  7:17  SCV  
  90  7:26  SCV x2  
  90  7:27  Hellion x2  
  90  7:29  SCV  
  97  7:37  Supply Depot  
  97  7:38  SCV x2, Supply Depot  
  97  7:41  Infernal Pre-Igniter, SCV  
  103  7:48  Banshee  
  106  7:51  Siege Tank  
  106  7:53  Siege Tank  
  106  7:56  SCV x2  
  109  7:58  SCV  
  109  8:01  Factory Tech Lab  
  109  8:02  Factory Reactor, Hellion  
  109  8:03  Hellion  
  110  8:08  SCV x2  
  112  8:13  Supply Depot  
  112  8:17  Supply Depot  
  112  8:20  Siege Tank  
  112  8:25  Supply Depot  
  112  8:26  SCV x3  
  118  8:27  Supply Depot  
  118  8:31  Siege Tank x2  
  122  8:41  Hellion  
  122  8:42  Hellion x2  
  122  8:45  Hellion  
  103  8:49  SCV  
  103  8:55  SCV  

Tags
 
Add a new tag
Caveats
  • Supply blocks, unpowered buildings, or Contaminate may cause inaccurate times.
  • Supply counts are checked every 10 seconds.